| TOP OF THE 1ST |
|
Atlanta (MID) Braves batting - Pitching for Greensboro Grasshoppers : RHP Jorge Lopez
|
|
Pitching: RHP Jorge Lopez
|
|
|
Batting: LHB Erik Gretzky
|
0-0: Foul Ball, location: 2F 0-1: Ball 1-1: Bunt missed! 1-2: Ball 2-2: Ground out 6-3 (Groundball, 56, EV 85.6 MPH)
|
|
Batting: RHB Joe Young
|
0-0: Ball 1-0: Called Strike 1-1: Ball 2-1: SINGLE (Groundball, 4MD, EV 107.5 MPH) (infield hit)
|
|
Batting: LHB Ben Goldstein
|
0-0: Ball Joe Young steals 2nd base 1-0: Foul Ball, location: 2F 1-1: Fly out, F9 (Flyball, 89M, EV 80.6 MPH)
|
|
Batting: RHB Hisayuki Akiyama
|
0-0: Called Strike 0-1: Swinging Strike 0-2: Ball 1-2: Strikes out swinging
|
| Top of the 1st over - 0 runs, 1 hit, 0 errors, 1 left on base; Atlanta (MID) 0 - Greensboro 0 |
| BOTTOM OF THE 1ST |
|
Greensboro Grasshoppers batting - Pitching for Atlanta (MID) Braves : LHP Matthew Spurrell
|
|
Pitching: LHP Matthew Spurrell
|
|
|
Batting: RHB Harrie de Kam
|
0-0: Ball 1-0: Fly out, F9 (Flyball, 89M, EV 78.8 MPH)
|
|
Batting: LHB Angelo Estrella
|
0-0: Ball 1-0: Swinging Strike 1-1: Ball 2-1: Foul Ball, location: 2F 2-2: Fly out, F5 (Line Drive, 56, EV 70.0 MPH)
|
|
Batting: RHB Miguel Velasco
|
0-0: Foul Ball, location: 2F 0-1: Ball 1-1: Foul Ball, location: 2F 1-2: SINGLE (Groundball, 34D, EV 95.0 MPH)
|
|
Batting: RHB Larry LeFever
|
0-0: Ball 1-0: Ball 2-0: DOUBLE (Groundball, 5L, EV 103.8 MPH) Miguel Velasco to third Runner from 3rd tries for Home, throw by LF and OUT! 7-6-2
|
| Bottom of the 1st over - 0 runs, 2 hits, 0 errors, 1 left on base; Atlanta (MID) 0 - Greensboro 0 |
| TOP OF THE 2ND |
|
Atlanta (MID) Braves batting - Pitching for Greensboro Grasshoppers : RHP Jorge Lopez
|
|
Batting: RHB Jose Ramos
|
0-0: Ball 1-0: Ball 2-0: SINGLE (Groundball, 6S, EV 72.5 MPH) (infield hit)
|
|
Batting: RHB Badr al Din Ridha
|
0-0: Called Strike 0-1: Ball 1-1: Ball Jose Ramos steals 2nd base 2-1: Ground out 1-3 (Groundball, P, EV 71.2 MPH) Jose Ramos to third
|
|
Batting: RHB Mike Shook
|
0-0: Called Strike 0-1: Swinging Strike 0-2: Foul Ball, location: 2F 0-2: Ball 1-2: Strikes out looking
|
|
Batting: SHB Ian Arlotta
|
0-0: Ball 1-0: Ball 2-0: Called Strike 2-1: Ball 3-1: Foul Ball, location: 2F 3-2: Ground out U3 (Groundball, 34, EV 105.6 MPH)
|
| Top of the 2nd over - 0 runs, 1 hit, 0 errors, 1 left on base; Atlanta (MID) 0 - Greensboro 0 |
| BOTTOM OF THE 2ND |
|
Greensboro Grasshoppers batting - Pitching for Atlanta (MID) Braves : LHP Matthew Spurrell
|
|
Batting: RHB J.D. Vander Klok
|
0-0: Called Strike 0-1: Called Strike 0-2: Strikes out looking
|
|
Batting: RHB Andy Kelly
|
0-0: Ball 1-0: Foul Ball, location: 2F 1-1: Swinging Strike 1-2: Ball 2-2: Foul Ball, location: 2F 2-2: Strikes out looking
|
|
Batting: RHB Hiromitsu Yamada
|
0-0: Ground out 5-3 (Groundball, 56S, EV 86.2 MPH)
|
| Bottom of the 2nd over - 0 runs, 0 hits, 0 errors, 0 left on base; Atlanta (MID) 0 - Greensboro 0 |
| TOP OF THE 3RD |
|
Atlanta (MID) Braves batting - Pitching for Greensboro Grasshoppers : RHP Jorge Lopez
|
|
Batting: RHB David Zelaya
|
0-0: Called Strike 0-1: Foul Ball, location: 2F 0-2: Strikes out swinging
|
|
Batting: LHB Erik Gretzky
|
0-0: Ball 1-0: Foul Ball, location: 2F 1-1: Foul Ball, location: 2F 1-2: Fly out, F8 (Line Drive, 8LM, EV 90.6 MPH)
|
|
Batting: RHB Joe Young
|
0-0: Called Strike 0-1: Ball 1-1: Ball 2-1: Ball 3-1: Base on Balls
|
|
Batting: LHB Ben Goldstein
|
Pickoff Play to 1st, Runner tries for 2nd, OUT after rundown.
|
| Top of the 3rd over - 0 runs, 0 hits, 0 errors, 0 left on base; Atlanta (MID) 0 - Greensboro 0 |
| BOTTOM OF THE 3RD |
|
Greensboro Grasshoppers batting - Pitching for Atlanta (MID) Braves : LHP Matthew Spurrell
|
|
Batting: RHB Wei-guo Tsu
|
0-0: Called Strike 0-1: Called Strike 0-2: Ball 1-2: Strikes out looking
|
|
Batting: RHB Jeremy Dennis
|
0-0: Ball 1-0: Ball 2-0: Ball 3-0: Base on Balls
|
|
Batting: RHB Harrie de Kam
|
0-0: Ball 1-0: Called Strike 1-1: Ball 2-1: Called Strike 2-2: Fly out, F4 (Popup, 4, EV 67.5 MPH)
|
|
Batting: LHB Angelo Estrella
|
0-0: Called Strike 0-1: Ball 1-1: SINGLE (Groundball, 34, EV 86.9 MPH) (infield hit) Jeremy Dennis to second
|
|
Batting: RHB Miguel Velasco
|
0-0: Foul Ball, location: 2F 0-1: Ball 1-1: Foul Ball, location: 2F 1-2: Strikes out swinging
|
| Bottom of the 3rd over - 0 runs, 1 hit, 0 errors, 2 left on base; Atlanta (MID) 0 - Greensboro 0 |
| TOP OF THE 4TH |
|
Atlanta (MID) Braves batting - Pitching for Greensboro Grasshoppers : RHP Jorge Lopez
|
|
Batting: LHB Ben Goldstein
|
0-0: Ball 1-0: Ground out 4-3 (Groundball, 4, EV 83.8 MPH)
|
|
Batting: RHB Hisayuki Akiyama
|
0-0: Foul Ball, location: 2F 0-1: SINGLE (Groundball, 6MS, EV 65.6 MPH) (infield hit)
|
|
Batting: RHB Jose Ramos
|
0-0: Ball 1-0: Ball 2-0: 2-RUN HOME RUN (Flyball, 9D, EV 101.9 MPH), Distance : 397 ft
|
|
Batting: RHB Badr al Din Ridha
|
0-0: Ball 1-0: Ground out 5-3 (Groundball, 56, EV 81.2 MPH)
|
|
Batting: RHB Mike Shook
|
0-0: Ball 1-0: Ball 2-0: Ball 3-0: Base on Balls
|
|
Batting: SHB Ian Arlotta
|
0-0: Called Strike 0-1: Ball 1-1: Foul Ball, location: 2F 1-2: Foul Ball, location: 2F 1-2: Ball 2-2: Ground out 3-1 (Groundball, 34S, EV 81.9 MPH)
|
| Top of the 4th over - 2 runs, 2 hits, 0 errors, 1 left on base; Atlanta (MID) 2 - Greensboro 0 |
| BOTTOM OF THE 4TH |
|
Greensboro Grasshoppers batting - Pitching for Atlanta (MID) Braves : LHP Matthew Spurrell
|
|
Batting: RHB Larry LeFever
|
0-0: Ball 1-0: Foul Ball, location: 2F 1-1: Ball 2-1: Foul Ball, location: 2F 2-2: Strikes out swinging
|
|
Batting: RHB J.D. Vander Klok
|
0-0: Ball 1-0: Ball 2-0: Called Strike 2-1: Foul Ball, location: 2F 2-2: Ground out 5-3 (Groundball, 5S, EV 87.5 MPH)
|
|
Batting: RHB Andy Kelly
|
0-0: Ball 1-0: Fly out, F6 (Line Drive, 6, EV 65.6 MPH)
|
| Bottom of the 4th over - 0 runs, 0 hits, 0 errors, 0 left on base; Atlanta (MID) 2 - Greensboro 0 |
| TOP OF THE 5TH |
|
Atlanta (MID) Braves batting - Pitching for Greensboro Grasshoppers : RHP Jorge Lopez
|
|
Batting: RHB David Zelaya
|
0-0: Ball 1-0: Ball 2-0: Ball 3-0: Base on Balls
|
|
Batting: LHB Erik Gretzky
|
0-0: Ball Wild Pitch! David Zelaya to second 1-0: Ball 2-0: Ball 3-0: Called Strike 3-1: Base on Balls
|
|
Batting: RHB Joe Young
|
0-0: Foul Ball, location: 2F 0-1: Foul Ball, location: 2F 0-2: SINGLE (Flyball, 8RS, EV 97.5 MPH) David Zelaya to third Erik Gretzky to second
|
|
Batting: LHB Ben Goldstein
|
0-0: SINGLE (Groundball, 34D, EV 106.9 MPH) David Zelaya scores Erik Gretzky to third Joe Young to second Runner from 3rd tries for Home, SAFE, throw by RF to home
|
|
Batting: RHB Hisayuki Akiyama
|
0-0: Called Strike 0-1: Foul Ball, location: 2F 0-2: Foul Ball, location: 2F 0-2: Ball 1-2: Strikes out looking
|
|
Pitching: RHP Marco Quezada
|
|
|
Batting: RHB Jose Ramos
|
0-0: Called Strike 0-1: Grounds into double play, 6-4-3 (Groundball, 6, EV 88.8 MPH)
|
| Top of the 5th over - 2 runs, 2 hits, 0 errors, 1 left on base; Atlanta (MID) 4 - Greensboro 0 |
| BOTTOM OF THE 5TH |
|
Greensboro Grasshoppers batting - Pitching for Atlanta (MID) Braves : LHP Matthew Spurrell
|
|
Batting: RHB Hiromitsu Yamada
|
0-0: Called Strike 0-1: Called Strike 0-2: Ball 1-2: Fly out, F6 (Line Drive, 6, EV 72.5 MPH)
|
|
Batting: RHB Wei-guo Tsu
|
0-0: Called Strike 0-1: Ball 1-1: Ball 2-1: Foul Ball, location: 2F 2-2: SINGLE (Groundball, 6D, EV 97.5 MPH)
|
|
Batting: RHB Jeremy Dennis
|
0-0: Foul Ball, location: 2F 0-1: SINGLE (Line Drive, 6D, EV 104.4 MPH) Wei-guo Tsu to second
|
|
Batting: RHB Harrie de Kam
|
0-0: Swinging Strike 0-1: Ball 1-1: Ball 2-1: Ball 3-1: Called Strike 3-2: Fielders Choice at 2nd, 5-4 (Groundball, 5S, EV 83.8 MPH) Wei-guo Tsu to third
|
|
Batting: LHB Angelo Estrella
|
0-0: Called Strike 0-1: Ball 1-1: Ball 2-1: Ball 3-1: Swinging Strike 3-2: Foul Ball, location: 2F 3-2: Foul Ball, location: 2F 3-2: Strikes out looking
|
| Bottom of the 5th over - 0 runs, 2 hits, 0 errors, 2 left on base; Atlanta (MID) 4 - Greensboro 0 |
| TOP OF THE 6TH |
|
Atlanta (MID) Braves batting - Pitching for Greensboro Grasshoppers : RHP Marco Quezada
|
|
Batting: RHB Badr al Din Ridha
|
0-0: Called Strike 0-1: Ball 1-1: Ground out 6-3 (Groundball, 6, EV 90.6 MPH)
|
|
Batting: RHB Mike Shook
|
0-0: Called Strike 0-1: Ball 1-1: Fly out, F8 (Flyball, 78M, EV 92.5 MPH)
|
|
Batting: SHB Ian Arlotta
|
0-0: Ball 1-0: Ball 2-0: Called Strike 2-1: Foul Ball, location: 2F 2-2: Strikes out swinging
|
| Top of the 6th over - 0 runs, 0 hits, 0 errors, 0 left on base; Atlanta (MID) 4 - Greensboro 0 |
| BOTTOM OF THE 6TH |
|
Greensboro Grasshoppers batting - Pitching for Atlanta (MID) Braves : LHP Matthew Spurrell
|
|
Batting: RHB Miguel Velasco
|
0-0: Ball 1-0: Foul Ball, location: 2F 1-1: Ball 2-1: Called Strike 2-2: Ball 3-2: Foul Ball, location: 2F 3-2: Fly out, F8 (Flyball, 78M, EV 88.1 MPH)
|
|
Batting: RHB Larry LeFever
|
0-0: Swinging Strike 0-1: Ball 1-1: Ball 2-1: Ball 3-1: Called Strike 3-2: Foul Ball, location: 2F 3-2: Foul Ball, location: 2F 3-2: SINGLE (Line Drive, 9S, EV 111.2 MPH)
|
|
Batting: RHB J.D. Vander Klok
|
0-0: SINGLE (Line Drive, 78S, EV 106.2 MPH) Larry LeFever to second
|
|
Batting: RHB Andy Kelly
|
0-0: Foul Ball, location: 2F 0-1: Swinging Strike 0-2: Foul Ball, location: 2F 0-2: DOUBLE (Line Drive, 7LS, EV 110.6 MPH) Larry LeFever scores J.D. Vander Klok to third
|
|
Batting: RHB Hiromitsu Yamada
|
0-0: Ball 1-0: Ball 2-0: Ball Passed Ball! J.D. Vander Klok scores Andy Kelly to third 3-0: Foul Ball, location: 2F 3-1: Swinging Strike 3-2: Base on Balls
|
|
Pitching: RHP Gordon Cushing
|
|
|
Batting: RHB Wei-guo Tsu
|
0-0: Ball Hiromitsu Yamada steals 2nd, throwing error, E2 Andy Kelly scores Hiromitsu Yamada to third 1-0: Foul Ball, location: 2F 1-1: Swinging Strike 1-2: Foul Ball, location: 2F 1-2: Strikes out swinging
|
|
Batting: RHB Jeremy Dennis
|
0-0: Called Strike 0-1: Foul Ball, location: 2F 0-2: Ball 1-2: Foul Ball, location: 2F 1-2: Foul Ball, location: 2F 1-2: Strikes out swinging
|
| Bottom of the 6th over - 3 runs, 3 hits, 1 error, 1 left on base; Atlanta (MID) 4 - Greensboro 3 |
| TOP OF THE 7TH |
|
Atlanta (MID) Braves batting - Pitching for Greensboro Grasshoppers : RHP Marco Quezada
|
|
Batting: RHB David Zelaya
|
0-0: Called Strike 0-1: Ball 1-1: Ground out 5-3 (Groundball, 15, EV 89.4 MPH)
|
|
Batting: LHB Erik Gretzky
|
0-0: Swinging Strike 0-1: Ball 1-1: Foul Ball, location: 2F 1-2: Strikes out swinging
|
|
Batting: RHB Joe Young
|
0-0: Called Strike 0-1: Ball 1-1: Foul Ball, location: 2F 1-2: Foul Ball, location: 2F 1-2: Ball 2-2: Ground out U3 (Groundball, 3L, EV 100.0 MPH)
|
| Top of the 7th over - 0 runs, 0 hits, 0 errors, 0 left on base; Atlanta (MID) 4 - Greensboro 3 |
| BOTTOM OF THE 7TH |
|
Greensboro Grasshoppers batting - Pitching for Atlanta (MID) Braves : RHP Gordon Cushing
|
|
Batting: RHB Harrie de Kam
|
0-0: Called Strike 0-1: Ball 1-1: Ball 2-1: Foul Ball, location: 2F 2-2: Ball 3-2: Strikes out swinging, 2-3 out at first.
|
|
Batting: LHB Angelo Estrella
|
0-0: Ball 1-0: Foul Ball, location: 2F 1-1: Ball 2-1: Ground out 1-3 (Groundball, 13S, EV 63.8 MPH)
|
|
Batting: RHB Miguel Velasco
|
0-0: Called Strike 0-1: Called Strike 0-2: SINGLE (Groundball, 4MS, EV 62.5 MPH) (infield hit)
|
|
Batting: RHB Larry LeFever
|
0-0: Ball 1-0: SINGLE (Flyball, 4D, EV 90.6 MPH) Miguel Velasco to second
|
|
Batting: RHB J.D. Vander Klok
|
0-0: Ball 1-0: Ball 2-0: Called Strike 2-1: Foul Ball, location: 2F 2-2: Foul Ball, location: 2F 2-2: DOUBLE (Groundball, 5L, EV 105.0 MPH) Miguel Velasco scores Larry LeFever to third Runner from 3rd tries for Home, SAFE, throw by LF to trailing runner, SAFE at third!
|
|
Batting: RHB Andy Kelly
|
0-0: Called Strike 0-1: Foul Ball, location: 2F 0-2: Ball 1-2: Strikes out swinging
|
| Bottom of the 7th over - 2 runs, 3 hits, 0 errors, 1 left on base; Atlanta (MID) 4 - Greensboro 5 |
| TOP OF THE 8TH |
|
Atlanta (MID) Braves batting - Pitching for Greensboro Grasshoppers : RHP Marco Quezada
|
|
Batting: LHB Ben Goldstein
|
0-0: Ground out 4-3 (Groundball, 34S, EV 91.9 MPH)
|
|
Batting: RHB Hisayuki Akiyama
|
0-0: Ball 1-0: Called Strike 1-1: Ball 2-1: Foul Ball, location: 2F 2-2: Ball 3-2: Ground out 6-3 (Groundball, 6, EV 106.2 MPH)
|
|
Batting: RHB Jose Ramos
|
0-0: Foul Ball, location: 2F 0-1: Ball 1-1: Foul Ball, location: 2F 1-2: Foul Ball, location: 2F 1-2: Ball 2-2: Ball 3-2: Foul Ball, location: 2F 3-2: DOUBLE (Flyball, 89XD, EV 93.1 MPH)
|
|
Pitching: LHP Melvin Castro
|
|
|
Batting: RHB Badr al Din Ridha
|
0-0: Ball 1-0: Ball 2-0: Ball 3-0: Called Strike 3-1: SINGLE (Groundball, 56D, EV 96.2 MPH) Jose Ramos to third Runner from 3rd tries for Home, throw by LF and OUT! 7-2
|
| Top of the 8th over - 0 runs, 2 hits, 0 errors, 1 left on base; Atlanta (MID) 4 - Greensboro 5 |
| BOTTOM OF THE 8TH |
|
Greensboro Grasshoppers batting - Pitching for Atlanta (MID) Braves : RHP Gordon Cushing
|
|
Pitching: RHP Nikita Eliseenko
|
|
|
Batting: RHB Hiromitsu Yamada
|
0-0: Ball 1-0: Ball 2-0: Called Strike 2-1: Ball 3-1: Foul Ball, location: 2F 3-2: Ground out 5-3 (Groundball, 56, EV 102.5 MPH)
|
|
Batting: RHB Wei-guo Tsu
|
0-0: Ball 1-0: Called Strike 1-1: Called Strike 1-2: Strikes out looking
|
|
Batting: RHB Jeremy Dennis
|
0-0: Foul Ball, location: 2F 0-1: Ground out 5-3 (Groundball, 56, EV 81.2 MPH)
|
| Bottom of the 8th over - 0 runs, 0 hits, 0 errors, 0 left on base; Atlanta (MID) 4 - Greensboro 5 |
| TOP OF THE 9TH |
|
Atlanta (MID) Braves batting - Pitching for Greensboro Grasshoppers : LHP Melvin Castro
|
|
Pitching: RHP Chris Forster
|
|
|
Now at 1B: Jason Thrash
|
|
|
Batting: RHB Mike Shook
|
0-0: Ball 1-0: Ball 2-0: Ball 3-0: Swinging Strike 3-1: Base on Balls
|
|
Batting: SHB Ian Arlotta
|
0-0: Sac Bunt to P - play at second, runner OUT! 1-6
|
|
Batting: RHB David Zelaya
|
0-0: Fly out, F9 (Flyball, 9D, EV 99.4 MPH)
|
|
Batting: LHB Erik Gretzky
|
0-0: Ball 1-0: Ball 2-0: SINGLE (Groundball, 4M, EV 101.2 MPH) (infield hit) Ian Arlotta to second
|
|
Batting: RHB Joe Young
|
0-0: Called Strike 0-1: Ground out 4-3 (Groundball, 4, EV 77.5 MPH)
|
| Top of the 9th over - 0 runs, 1 hit, 0 errors, 2 left on base; Atlanta (MID) 4 - Greensboro 5 |
|